Map: Acropolis LE

Players

Benzo

  • Race: Zerg Zerg
  • League: Master
  • Spawn Location: 5:00

tambykojak - Winner!

  • Race: Protoss Protoss
  • League: Master
  • Spawn Location: 11:00

VOD

Have the link to the VOD?

Description

Time

  • Played on: Nov. 25, 2019, 4:41 p.m.
  • Length: 8:08
Show
View Real Time Build Order
Export as new Build Order

Benzo Zerg 

Build Orders: Hatch First 

Get SALT Encoding   

  12  0:01  Drone  
  13  0:14  Overlord  
  13  0:20  Drone  
  14  0:32  Drone  
  14  0:33  Drone  
  16  0:36  Drone  
  17  0:52  Hatchery  
  16  0:59  Drone  
  17  1:10  Spawning Pool  
  16  1:19  Drone  
  17  1:40  Hatchery  
  16  1:58  Queen  
  16  2:00  Zergling x2  
  16  2:01  Zergling x2  
  20  2:04  Drone  
  20  2:06  Queen  
  20  2:07  Drone  
  24  2:18  Drone x2  
  26  2:23  Drone  
  26  2:27  Extractor  
  26  2:33  Drone, Overlord  
  27  2:37  Drone  
  27  2:57  Queen  
  29  2:58  Drone x2  
  29  2:59  Drone  
  29  3:01  Queen  
  33  3:07  Spore Crawler  
  33  3:10  Spore Crawler  
  32  3:12  Drone  
  32  3:13  Spore Crawler, Drone  
  32  3:21  Drone x3  
  35  3:31  Drone x3  
  35  3:32  Drone  
  39  3:41  Metabolic Boost  
  39  3:47  Drone x2  
  41  3:49  Overlord  
  41  4:00  Drone  
  42  4:03  Overlord  
  42  4:08  Drone  
  42  4:09  Drone  
  44  4:12  Zergling x2  
  44  4:13  Zergling x6  
  44  4:15  Drone  
  48  4:17  Overlord  
  48  4:18  Zergling x4  
  50  4:28  Overlord  
  50  4:29  Zergling x10  
  55  4:33  Drone x2  
  55  4:34  Extractor  
  56  4:44  Pneumatized Carapace  
  56  4:46  Queen  
  56  4:48  Lair  
  56  4:49  Drone x3  
  56  4:51  Drone x3  
  64  4:56  Drone x2  
  64  4:57  Drone x2  
  64  4:59  Drone  
  69  5:00  Drone  
  69  5:08  Drone  
  69  5:09  Drone x4  
  72  5:15  Drone  
  72  5:16  Drone  
  72  5:17  Overlord x2  
  72  5:21  Evolution Chamber  
  71  5:24  Evolution Chamber  
  71  5:25  Overlord  
  69  5:35  Extractor, Spore Crawler  
  68  5:36  Drone x3  
  68  5:37  Extractor, Zergling x2, Spore Crawler  
  68  5:38  Zergling x8  
  68  5:39  Zergling x2  
  68  5:42  Queen  
  76  5:52  Zerg Melee Weapons Level 1, Zerg Missile Weapons Level 1  
  76  5:53  Drone x3  
  76  5:54  Hydralisk Den  
  76  5:55  Drone x2  
  76  5:56  Drone  
  81  5:58  Drone  
  81  5:59  Drone  
  83  6:09  Overlord  
  83  6:11  Zergling x12  
  86  6:12  Zergling x4  
  86  6:17  Baneling Nest  
  88  6:26  Evolution Chamber  
  88  6:27  Spine Crawler  
  88  6:28  Evolution Chamber  
  88  6:29  Zergling x4, Spine Crawler  
  88  6:30  Spine Crawler  
  88  6:31  Evolution Chamber  
  88  6:32  Spine Crawler  
  83  6:33  Hydralisk  
  83  6:34  Hydralisk  
  83  6:39  Hydralisk  
  89  6:40  Lurker Den  
  89  6:42  Hydralisk  
  90  6:48  Hydralisk, Overlord  
  90  6:49  Hydralisk  
  94  6:54  Overlord  
  94  7:00  Drone x3  
  94  7:01  Overlord  
  97  7:02  Drone x2  
  97  7:07  Baneling  
  97  7:08  Baneling x2  
  99  7:09  Baneling x6  
  99  7:12  Zergling x6  
  99  7:13  Zergling x2  
  102  7:24  Hydralisk  
  102  7:25  Hydralisk x3  
  102  7:27  Zergling x2  
  102  7:28  Zergling x6  
  108  7:43  Hydralisk x3  
Show
View Real Time Build Order
Export as new Build Order

tambykojak Protoss - Winner!

Build Orders: 1 Gate Expand, Oracle Opening, Zealot Archon 

Get SALT Encoding   

  12  0:00  Probe  
  13  0:12  Probe  
  14  0:21  Pylon  
  14  0:24  Probe  
  15  0:39  Probe (Chrono Boost)  
  16  0:43  Gateway  
  16  0:49  Probe (Chrono Boost)  
  17  0:53  Assimilator  
  17  0:56  Probe  
  18  1:08  Probe  
  19  1:20  Probe  
  20  1:29  Nexus  
  20  1:38  Cybernetics Core  
  20  1:42  Probe  
  21  1:48  Assimilator  
  21  1:54  Probe  
  22  1:58  Pylon  
  22  2:07  Probe  
  23  2:13  Adept (Chrono Boost)  
  23  2:19  Probe  
  26  2:27  Stargate  
  26  2:32  Probe (Chrono Boost)  
  26  2:36  Adept  
  29  2:40  Warp Gate  
  29  2:41  Probe (Chrono Boost)  
  31  2:44  Probe (Chrono Boost)  
  31  2:53  Probe x2 (Chrono Boost)  
  33  3:02  Probe  
  33  3:03  Gateway  
  34  3:08  Oracle (Chrono Boost)  
  34  3:09  Probe  
  38  3:14  Probe  
  39  3:21  Pylon, Probe  
  40  3:31  Probe  
  40  3:34  Probe  
  42  3:40  Assimilator  
  42  3:41  Assimilator, Twilight Council  
  42  3:46  Probe  
  42  3:47  Probe  
  44  3:55  Oracle (Chrono Boost)  
  44  3:58  Probe  
  44  3:59  Probe  
  49  4:04  Pylon  
  49  4:11  Probe x2  
  51  4:21  Robotics Facility  
  51  4:23  Probe  
  52  4:24  Probe  
  52  4:27  Templar Archives  
  53  4:35  Probe  
  53  4:37  Gateway  
  53  4:38  Gateway  
  54  4:40  Gateway  
  54  4:43  Gateway  
  54  4:49  Gateway  
  54  4:50  Gateway  
  54  5:11  Adept x2  
  56  5:23  Charge (Chrono Boost)  
  56  5:28  Warp Prism  
  58  5:34  Zealot  
  58  5:35  Pylon, Zealot  
  62  5:36  Pylon x2  
  62  5:46  Pylon  
  62  5:48  Pylon x2  
  62  5:49  Pylon  
  62  5:57  Zealot x2  
  62  5:58  Zealot x3  
  62  6:01  Zealot  
  62  6:02  Zealot  
  76  6:21  Zealot x5  
  76  6:22  Zealot  
  88  6:30  Zealot  
  88  6:32  Zealot  
  92  6:39  Pylon  
  92  6:51  High Templar x2  
  92  6:52  High Templar x6  
  108  6:55  Archon  
  108  6:56  Archon x2  
  108  6:57  Archon  
  108  7:03  Observer  
  99  7:25  Zealot x8  
  91  7:45  Zealot x4  
  91  7:46  Zealot x4  
Tags
 
Add a new tag
Caveats
  • Supply blocks, unpowered buildings, or Contaminate may cause inaccurate times.
  • Supply counts are checked every 10 seconds.